AoeStats
← 150490644@

Arabia

508523903Analyzed
1v1 RM · 10d ago on Sep 22, 2026· 13m 38s· 2 players
Game mode
Random Map
Map size
Tiny (2 player)
Population
200
Speed
Normal
Resources
Standard
Victory
Conquest
Starting age
Dark Age
Ending age
Imperial Age
RankedLock teamsTeams togetherTeam positionsShared explorationLock speedFull tech treeHidden civsTurbo modeCheats
Victory
Defeat
🇮🇹 Huns · Italy
902
+18
🇮🇹 Varangians · Italy
936
-18
bonum90
5:23 Loom
11:29 Feudal Age
11:55 Horse Collar
12:41 Double-Bit Axe
13:12 Man-at-Arms
150490644@
6:13 Loom
9:09 Feudal Age
10:00 Double-Bit Axe
15:58 Castle Age
Connection lost

Rejoining the realm…

Still unreachable

The connection could not be restored.

Session expired

The server has moved on; the page needs a fresh start.